 Dungeon Crawl Stone Soup version 0.31-a0-1082-g7d1fb776a8 (webtiles) character file.

Game seed: 3794649041653535584

1320 Flugslaktarn the Changeling (level 8, -12/81 HPs)
             Began as an Octopode Shapeshifter on Nov 28, 2023.
             Was a Believer of Makhleb.
             Mangled by an ice beast (14 damage)
             ... on level 6 of the Dungeon.
             The game lasted 00:02:36 (5260 turns).

Flugslaktarn the Changeling (Octopode Shapeshifter) Turns: 5260, Time: 00:02:36

Health: -12/81     AC: 24    Str: 14    XL:     8   Next: 59%
Magic:  11/11      EV:  2    Int: 12    God:    Makhleb [**....]
Gold:   265        SH:  4    Dex: 13    Spells: 7/7 levels left

rFire   . .          .
                       - Unarmed
rCold   . . .        n - +0 buckler
rNeg    . . .        (helmet currently unavailable)
rPois   +            (no amulet)
rElec   .            (no ring)
rCorr   .            (no ring)
SInv    .            (no ring)
Will    .....        (no ring)
Stlth   +            (no ring)
HPRegen 0.33/turn    (no ring)
MPRegen 0.12/turn    (no ring)
                     (no ring)

%: no passive effects
@: lethally poisoned (-12 -> -21), tree-form
A: stationary, stasis, torment immunity, boosted hp, almost no armour,
(amphibious), 8 rings, (camouflage 1), (gelatinous body 1), (nimble swimmer 1),
(tentacles)
a: Renounce Religion, Minor Destruction


You were on level 6 of the Dungeon.
You worshipped Makhleb.
Makhleb was pleased with you.
You were a tree.
You visited 1 branch of the dungeon, and saw 6 of its levels.

You collected 265 gold pieces.

Inventory:

Armour
 n - a +0 buckler (worn)
   (You found it on level 2 of the Dungeon)
Jewellery
 k - a ring of positive energy
   (You found it on level 3 of the Dungeon)
 l - a ring of wizardry
   (You found it on level 3 of the Dungeon)
 o - a ring of poison resistance
   (You found it on level 1 of the Dungeon)
 u - a ring of flight
   (You found it on level 4 of the Dungeon)
Talismans
 b - a beast talisman
 c - a flux talisman
Wands
 s - a wand of paralysis (13)
   (You took it off Ijyb on level 3 of the Dungeon)
Scrolls
 d - a scroll of amnesia
 e - a scroll of vulnerability
 f - 2 scrolls of poison
 g - 2 scrolls of immolation
 i - a scroll of revelation
 j - a scroll of enchant weapon
 r - a scroll of identify
 t - a scroll of acquirement {unknown}
Potions
 h - a potion of magic {unknown}
 p - 2 potions of heal wounds {unknown}
 q - a potion of curing


   Skills:
 + Level 4.5 Fighting
 - Level 2.0 Dodging
 + Level 5.4 Unarmed Combat
 + Level 4.4 Invocations
 * Level 6.7 Shapeshifting


You had 7 spell levels left.
You didn't know any spells.
Your spell library was empty.

Dungeon Overview and Level Annotations

Branches:
Dungeon (6/15)             Temple (0/1) D:6

Altars:
Gozag
Makhleb
Ru
The Shining One

Shops:
D:3 (


Innate Abilities, Weirdness & Mutations

You are a tree.
Your roots penetrate the ground, keeping you stationary.
You cannot be teleported.
You are immune to unholy pain and torment.
Your maximum health is greatly increased.
You cannot wear most types of armour.
((You are amphibious.))
You can wear up to eight rings at the same time.
((Your skin changes colour to match your surroundings (Stealth+).))
((Your rubbery body absorbs attacks. (AC +1, EV +1)))
((You are camouflaged when in or above water. (Stealth+)))
((You have tentacles for arms and can constrict up to eight enemies at once.))


Message History

You block the orc's attack.
You tentacle-slap the orc. Your grab misses the orc.
The orc is moderately wounded.
You tentacle-slap the orc.
You kill the orc!
Makhleb accepts your kill. The orc hits you with a +0 club.
Things that are here:
a +0 club; a +0 ring mail You barely miss the orc.
You grab the orc. You squeeze the orc, but do no damage.
You constrict the orc, but do no damage.
The orc barely misses you. You block the orc's attack.
You tentacle-slap the orc but do no damage.
You squeeze the orc.
The orc is almost dead.
You constrict the orc.
You kill the orc!
Makhleb accepts your kill.
You feel better. The orc barely misses you.
You tentacle-slap the orc. You grab the orc. You squeeze the orc.
You kill the orc!
Makhleb accepts your kill.
You feel better.
No target in view!
No target in view!
No target in view!
Things that are here:
a +0 whip of venom; a +0 scale mail; an orc corpse No target in view!
Done exploring.
Done exploring.
Done exploring.
No target in view!
Things that are here:
a +0 mace; an orc corpse
There is a stone staircase leading down here.
You climb downwards.
You hear the hiss of flowing sand.
There is an entrance to an ossuary on this level.
Hurry and find it before the portal is buried!
Found 13 gold pieces.
Found an escape hatch in the ceiling.
Found a staircase to the Ecumenical Temple.
There is a stone staircase leading up here.
A scorpion comes into view.
You tentacle-slap the ice beast. x2
The ice beast is moderately wounded.
The ice beast hits you. The ice beast freezes you.
You closely miss the ice beast.
The ice beast is moderately wounded.
You tentacle-slap the ice beast but do no damage.
Your tentacle-slap misses the ice beast.
You squeeze the ice beast, but do no damage.
The ice beast is moderately wounded.
The ice beast hits you. The ice beast freezes you!
You tentacle-slap the ice beast.
The ice beast is heavily wounded.
The ice beast misses you.
You completely miss the ice beast.
The ice beast is heavily wounded.
You block the ice beast's attack. The scorpion misses you.
You tentacle-slap the ice beast.
Your tentacle-slap misses the ice beast.
The ice beast is heavily wounded.
The ice beast barely misses you. The scorpion stings you.
You are poisoned.
The scorpion poisons you!
You tentacle-slap the ice beast but do no damage.
The ice beast is heavily wounded.
You feel very sick. The ice beast barely misses you. The scorpion stings you.
You completely miss the ice beast.
The ice beast is heavily wounded.
You feel sick. The scorpion closely misses you.
The ice beast closely misses you.
You tentacle-slap the ice beast.
The ice beast is severely wounded.
You feel sick. The scorpion stings you!
* * * LOW HITPOINT WARNING * * *
You are lethally poisoned!
The scorpion poisons you! The ice beast barely misses you.
You feel better. You block the scorpion's attack. The ice beast hits you.
The ice beast freezes you!
* * * LOW HITPOINT WARNING * * *
You barely miss the ice beast.
The ice beast is heavily wounded.
The scorpion stings you.
* * * LOW HITPOINT WARNING * * *
You are lethally poisoned!
The scorpion poisons you! The ice beast barely misses you.
Your transformation has ended.
You turn into a tree.
Your roots penetrate the ground.
* * * LOW HITPOINT WARNING * * *
You feel very sick. The scorpion stings you.
* * * LOW HITPOINT WARNING * * *
The ice beast hits you.
* * * LOW HITPOINT WARNING * * *
The ice beast freezes you!
You die...

.....#$#.....
....#...#...
#..........
#.........##
#..........#
#......<...#
........<..###.
.......s........
.......♣........
.......Y....#...
............# ..
............# .
#####.......#
.........#
###...###.#
..... .#


You could see an ice beast and a scorpion.

Vanquished Creatures
  Pikel (D:5)
  2 black bears (D:5)
  An ogre (D:5)
  A phantom (D:5)
  A scorpion (D:4)
  3 jellies (D:5)
  A hound (D:5)
  Ijyb (D:3)
  2 iguanas
  A sleepcap (D:5)
  4 orc wizards
  4 gnolls (D:4)
  5 adders
  A worm (D:2)
  A dart slug (D:1)
  10 orcs
  5 ball pythons
  4 endoplasms (D:2)
  A giant cockroach (D:3)
  5 hobgoblins
  8 jackals
  9 kobolds
  4 quokkas
  2 bats
  7 goblins
  4 rats
88 creatures vanquished.

Vanquished Creatures (others)
  An orc wizard (D:4)
1 creature vanquished.

Grand Total: 89 creatures vanquished

Notes
Turn   | Place    | Note
-------+----------+-------------------------------------------
     0 | D:1      | Flugslaktarn the Octopode Shapeshifter began the quest for
                  | the Orb.
     0 | D:1      | Reached XP level 1. HP: 13/13 MP: 1/1
    70 | D:1      | Reached XP level 2. HP: 18/18 MP: 2/2
  1145 | D:2      | Reached XP level 3. HP: 23/23 MP: 3/3
  1549 | D:2      | Found a faded altar of an unknown god.
  1676 | D:2      | Found an opulent altar of Gozag.
  1839 | D:2      | Prayed at the altar of an unknown god.
  1839 | D:2      | Became a worshipper of Makhleb the Destroyer
  1839 | D:2      | Reached * piety under Makhleb
  2361 | D:3      | Found Ecuo's Antique Weapon Shoppe.
  2590 | D:3      | Noticed Ijyb
  2600 | D:3      | Killed Ijyb
  2601 | D:3      | Reached XP level 4. HP: 13/29 MP: 4/4
  2764 | D:4      | Found a glowing golden altar of the Shining One.
  2835 | D:4      | Noticed a scorpion
  2845 | D:4      | Killed a scorpion
  2846 | D:4      | Reached skill level 1 in Invocations
  2846 | D:4      | Reached skill level 4 in Shapeshifting
  2846 | D:4      | Reached XP level 5. HP: 9/35 MP: 5/5
  3303 | D:4      | Found a sacrificial altar of Ru.
  3552 | D:4      | Reached XP level 6. HP: 29/41 MP: 7/7
  3562 | D:4      | HP: 2/41 [gnoll/+0 flail (8)]
  3909 | D:5      | Entered Level 5 of the Dungeon
  3911 | D:5      | Noticed a black bear
  4030 | D:5      | Killed a black bear
  4031 | D:5      | Reached skill level 5 in Shapeshifting
  4465 | D:5      | Reached XP level 7. HP: 19/46 MP: 7/9
  4686 | D:5      | Noticed Pikel
  4704 | D:5      | Killed Pikel
  4705 | D:5      | Reached skill level 5 in Unarmed Combat
  4705 | D:5      | Reached skill level 6 in Shapeshifting
  4705 | D:5      | Reached XP level 8. HP: 53/54 MP: 10/10
  4975 | D:5      | Reached ** piety under Makhleb
  5246 | D:6      | Found a staircase to the Ecumenical Temple.
  5260 | D:6      | HP: 4/81 [scorpion (4)]
  5260 | D:6      | Mangled by an ice beast

Illustrated notes

Levels and vault maps discovered:
D:1:      kennysheep_arrival_seaside, layout_basic, minmay_tiny_reverse_x
D:2:      layout_basic, basic_altar, dreamdust_ecumenical_altar_grove
D:3:      layout_basic, serial_shops, nicolae_shop_dealshenge,
          serial_bayou_pond_c, uniq_ijyb
D:4:      minmay_skewed_foursquare, layout_rooms,
          nicolae_tso_swordbearing_angel, nicolae_ru_awakened_eye,
          minmay_a_box_with_orc_wizards_in_it
D:5:      layout_cave_pods, uniq_pikel
D:6:      layout_basic, mainiacjoe_overflow_big_doors,
          minmay_temple_entry_crystal_x, chequers_ossuary_entry_cave

Skill      XL: |  1  2  3  4  5  6  7  8 |
---------------+-------------------------+-----
Fighting       | 2 3 4 |  4.5
Invocations    | 1 2 3 4 |  4.4
Shapeshifting  | 4 5 6 |  6.7
Unarmed Combat | 4 5 |  5.4
Dodging        | |  2.0

Action                     |  1- 3 |  4- 6 |  7- 9 || total
---------------------------+-------+-------+-------++-------
  Melee: Unarmed           |    73 |    73 |    71 ||   217
         Constrict         |    20 |    15 |    15 ||    50
         Tentacles         |    20 |    20 |    19 ||    59
         Punch             |     1 |       |     4 ||     5
  Evoke: Wand              |       |       |     4 ||     4
    Use: Scroll            |     5 |     3 |       ||     8
         Potion            |       |     2 |     2 ||     4
   Stab: Sleeping          |     9 |     5 |     2 ||    16
         Paralysed         |       |       |     5 ||     5
 Armour: Skin              |    22 |    48 |    32 ||   102
  Dodge: Dodged            |    27 |    29 |    33 ||    89
  Block: Buckler           |     2 |    11 |     9 ||    22

Table legend: (Time is in decaauts)
 A = Elapsed time spent in this place.
 B = Non-inter-level travel time spent in this place.
 C = Inter-level travel time spent in this place.
 D = Time resting spent in this place.
 E = Time spent auto-exploring this place.
 F = Levels seen in this place.
 G = Mean time per level.
                   A        B        C        D        E       F      G
               +--------+--------+--------+--------+--------+-----+--------+
         Total |   5251 |   5001 |    250 |    606 |   3759 |   6 |  875.2 |
       Dungeon |   5251 |   5001 |    250 |    606 |   3759 |   6 |  875.2 |
               +--------+--------+--------+--------+--------+-----+--------+

Top non-repeatable levels by time:
     D:4: 1364 daAuts
     D:5: 1169 daAuts
     D:1: 1116 daAuts
     D:3: 837 daAuts
     D:2: 749 daAuts
     D:6: 12 daAuts
